 Dungeon Crawl Stone Soup version 0.26.0-10-g1f06aea511 (webtiles) character file.

Game seed: 12793176525641613966

16 Dracia the Poker (level 2, 0/22 HPs)
             Began as a Demonspawn Gladiator on Jan 22, 2021.
             Slain by a hobgoblin (2 damage)
             ... on level 1 of the Dungeon.
             The game lasted 00:00:41 (490 turns).

Dracia the Poker (Demonspawn Gladiator)              Turns: 490, Time: 00:00:41

Health: 0/22       AC:  3    Str: 14    XL:     2   Next: 41%
Magic:  2/2        EV: 12    Int:  9    God:
Gold:   32         SH:  0    Dex: 14    Spells: 1/1 levels left

rFire    . . .     SeeInvis .   e - +1 spear (venom)
rCold    . . .     Faith    .   (no shield)
rNeg     . . .     Spirit   .   b - +0 leather armour
rPois    .         Reflect  .   (helmet restricted)
rElec    .         Harm     .   (no cloak)
rCorr    .         Rampage  .   (no gloves)
Will     .....                  (no boots)
Stlth    +.........             (no amulet)
HPRegen  0.07/turn              (no ring)
MPRegen  0.08/turn              (no ring)

@: no status effects
A: antennae 1
a: no special abilities


You were on level 1 of the Dungeon.
You visited 1 branch of the dungeon, and saw 1 of its levels.

You collected 32 gold pieces.


Innate Abilities, Weirdness & Mutations

You have a pair of small antennae on your head.


   Skills:
 - Level 2.0 Fighting
 + Level 3.5 Polearms
 - Level 1.7 Throwing
 - Level 2.6 Dodging


You had one spell level left.
You didn't know any spells.
Your spell library was empty.

Inventory:

Hand Weapons
 a - a +0 trident
 e - a +1 spear of venom (weapon)
Missiles
 d - 3 throwing nets (quivered) {=f=f}
Armour
 b - a +0 leather armour (worn)
 c - a +0 helmet
Scrolls
 f - a scroll of teleportation {unknown}

Dungeon Overview and Level Annotations

Branches:
Dungeon (1/15)

Altars:

#.####.#.#
.#........##
..........
#.#.....
####......####
.............
#....S.# ##
#....@.# #.
#...g).# #.
#......# #.
#......####### #
###.
#.............
.....
.......#.######
#. #. ###(#.##.#
#.##. #.#.##.#
###..#.
.#####.#.##.####
.....[.


You could see a hobgoblin and a ball python.


Message History

You are too injured to fight recklessly!
You hit the kobold.
You kill the kobold!
The hobgoblin hits you but does no damage.
The hobgoblin barely misses you. The hobgoblin closely misses you.
The hobgoblin hits you.
* * * LOW HITPOINT WARNING * * *
You see here a +0 short sword.
A ball python comes into view.
The ball python hisses angrily.
The hobgoblin barely misses you.
You are too injured to fight recklessly!
You hit the hobgoblin.
The hobgoblin is poisoned.
The hobgoblin is moderately wounded.
The hobgoblin hits you with a +0 club.
* * * LOW HITPOINT WARNING * * *
You closely miss the hobgoblin.
The hobgoblin is moderately wounded.
The hobgoblin hits you.
* * * LOW HITPOINT WARNING * * *
The hobgoblin hits you with a +0 club.
* * * LOW HITPOINT WARNING * * *
You hit the hobgoblin.
The hobgoblin looks as sick as possible!
The hobgoblin is heavily wounded.
You kill the hobgoblin!
The hobgoblin misses you. The ball python closely misses you. x2
Unknown command.
The hobgoblin hits you.
You die...

Skill      XL: |  1 |
---------------+----+-----
Polearms       | 3 |  3.5
Fighting       | |  2.0
Throwing       | |  1.7
Dodging        | |  2.6

Action                   || total
-------------------------++-------
Melee: Spear             ||    35
Armor: Leather armour    ||    10
Dodge: Dodged            ||    21

Levels and vault maps discovered:
D:1:      dpeg_arrival_connections, layout_basic, nrook_mini_vaults

Notes
Turn   | Place    | Note
-------+----------+-------------------------------------------
     0 | D:1      | Dracia the Demonspawn Gladiator began the quest for the
                  | Orb.
     0 | D:1      | Reached XP level 1. HP: 16/16 MP: 1/1
    85 | D:1      | Reached skill level 3 in Polearms
   202 | D:1      | You feel monstrous as your demonic heritage exerts itself.
   202 | D:1      | Gained mutation: You have a pair of small antennae on your
                  | head. [demonic ancestry]
   202 | D:1      | Reached XP level 2. HP: 22/22 MP: 2/2
   488 | D:1      | HP: 2/22 [hobgoblin/+0 club (2)]
   490 | D:1      | Slain by a hobgoblin

Vanquished Creatures
  An ooze (D:1)
  A dart slug (D:1)
  4 bats (D:1)
  A hobgoblin (D:1)
  2 kobolds (D:1)
  A ball python (D:1)
  A rat (D:1)
11 creatures vanquished.

Table legend: (Time is in decaauts)
 A = Elapsed time spent in this place.
 B = Non-inter-level travel time spent in this place.
 C = Inter-level travel time spent in this place.
 D = Time resting spent in this place.
 E = Time spent auto-exploring this place.
 F = Levels seen in this place.
 G = Mean time per level.
                   A        B        C        D        E       F      G
               +--------+--------+--------+--------+--------+-----+--------+
         Total |    487 |    487 |      0 |      0 |    421 |   1 |  487.0 |
       Dungeon |    487 |    487 |      0 |      0 |    421 |   1 |  487.0 |
               +--------+--------+--------+--------+--------+-----+--------+

Top non-repeatable levels by time:
     D:1: 487 daAuts

Table legend:
 A = Non-vault XP
 B = Vault XP
 C = Vault XP percentage of total XP
 D = Non-vault monster count
 E = Vault monster count
 F = Vault count percentage of total count
                 A         B        C        D         E       F
            +---------+---------+-------+---------+---------+-------
      Total |      24 |       0 |   0.0 |      11 |       0 |   0.0
            +---------+---------+-------+---------+---------+-------
        D:1 |      24 |       0 |   0.0 |      11 |       0 |   0.0
            +---------+---------+-------+---------+---------+-------
